 Dungeon Crawl Stone Soup version 0.30.0-29-ga12c61a403 (webtiles) character file.

Game seed: 10311087363524946659

288 jurchenman the Magician (level 6, -11/30 (32) HPs)
             Began as a Deep Elf Fire Elementalist on June 7, 2023.
             Mangled by a wight
             ... wielding a +0 dire flail
              (17 damage)
             ... on level 4 of the Dungeon.
             The game lasted 00:08:25 (2466 turns).

jurchenman the Magician (DEFE)                      Turns: 2466, Time: 00:08:25

HP:   -11/30 (32)   AC:  3    Str:  5    XL:     6   Next: 9%
MP:   2/15          EV: 12    Int: 22    God:
Gold: 90            SH:  0    Dex: 15    Spells: 10/15 levels left

rFire   . . .        e - +2 dagger (flame)
rCold   . . .        (no shield)
rNeg    . . .        a - +1 robe
rPois   .            (no helmet)
rElec   .            (no cloak)
rCorr   .            (no gloves)
SInv    .            (no boots)
Will    .....        (no amulet)
Stlth   ++           (no ring)
HPRegen 0.25/turn    (no ring)
MPRegen 0.14/turn

%: no passive effects
@: drained
A: no striking features
a: no special abilities


You were on level 4 of the Dungeon.
You visited 1 branch of the dungeon, and saw 4 of its levels.

You collected 90 gold pieces.

Inventory:

Hand Weapons
 e - a +2 dagger of flaming (weapon)
Missiles
 c - 33 stones
Armour
 a - a +1 robe (worn)
Wands
 i - a wand of charming (9)
Scrolls
 d - a scroll of brand weapon
Potions
 b - a potion of magic
 f - a potion of mutation {unknown}
 g - 2 potions of heal wounds {unknown}
 h - a potion of might
 j - a potion of degeneration {unknown}
 k - 2 potions of curing {unknown}


   Skills:
 - Level 2.4 Dodging
 - Level 2.4 Stealth
 + Level 5.1 Spellcasting
 + Level 3.4 Conjurations
 + Level 2.5 Translocations
 + Level 4.8 Fire Magic


You had 10 spell levels left.
You knew the following spells:

 Your Spells              Type           Power      Damage    Failure   Level
a - Foxfire               Conj/Fire      92%        2x1d8     1%          1
b - Scorch                Fire           52%        2d7       1%          2
c - Blink                 Tloc           34%        N/A       5%          2

Your spell library contained the following spells:

 Spells                   Type           Power      Damage    Failure   Level
 Momentum Strike          Conj/Tloc      38%        3d9       4%          2
 Lesser Beckoning         Tloc           34%        N/A       5%          2
 Volatile Blastmotes      Fire/Tloc      44%        2d13      6%          3
 Inner Flame              Hex/Fire       16%        N/A       11%         3
 Flame Wave               Conj/Fire      23%        2d8       19%         4
 Summon Ice Beast         Ice/Summ       5%         N/A       69%         4
 Irradiate                Conj/Tmut      6%         3d13      80%         5
 Blade Hands              Tmut           2%         N/A       95%         5
 Summon Mana Viper        Hex/Summ       5%         N/A       95%         5
 Dragon Form              Tmut           2%         N/A       100%        7
 Monstrous Menagerie      Summ           2%         N/A       100%        7


Dungeon Overview and Level Annotations

Branches:
Dungeon (4/15)
 Temple: D:4-7

Altars:
Elyvilon

Annotations:
D:3 3 runed translucent doors, viagra's ghost, amateur HOFi


Message History

Confirm with . or Enter, or press ? or * to list all spells.
You conjure some foxfire!
Casting: Foxfire (safe; 1% risk of failure)
Confirm with . or Enter, or press ? or * to list all spells.
Flames lash the wight.
The wight is heavily damaged.
The wight's fire resistance burns away.
The foxfire hits the wight.
The wight is burned terribly!
You destroy the wight!
The foxfire hits the wight.
The wight is lightly damaged.
A wight comes into view. It is wielding a +0 halberd.
You have reached level 6!
Casting: Scorch (safe; 1% risk of failure)
Confirm with . or Enter, or press ? or * to list all spells.
You conjure some foxfire!
Casting: Foxfire (safe; 1% risk of failure)
Confirm with . or Enter, or press ? or * to list all spells.
Flames lash the wight.
The wight is heavily damaged.
The wight's fire resistance burns away.
The foxfire hits the wight.
The wight is burned terribly!
The wight is severely damaged.
The foxfire hits the wight but does no damage.
The wight is severely damaged.
The wight hits you with a +3 flail!
Casting: Scorch (safe; 1% risk of failure)
Confirm with . or Enter, or press ? or * to list all spells.
Flames lash the orc.
You kill the orc!
You hear a shout! x2
The wight barely misses you. The wight hits you with a +3 flail!
You feel drained.
* * * LOW HITPOINT WARNING * * *
There is an open door here.
The wight is no longer more vulnerable to fire.
The wight attacks as you move away!
The wight hits you with a +0 dire flail!
Ouch! That really hurt!
You die...

#......#.....#....#
#......'.....#...##
#......#.....#...##
#......#.....#....#
#......####'##....'
#................##
#................##
#.....)...........+
#.@...............#
#.z..######.##.####
##z########.##.# #
#.....)......... .
#.z.............. .
#.)...........
#..........
#....##.... #....#
..##


You could see 3 wights.

Vanquished Creatures
  A wight (D:4)
  Terence (D:2)
  2 iguanas
  Natasha (twice) (D:3)
  4 adders
  3 dart slugs
  2 orcs (D:4)
  5 bats
  2 endoplasms (D:1)
  3 giant cockroaches
  3 goblins (D:2)
  9 hobgoblins
  4 jackals (D:2)
  7 kobolds
  6 quokkas
  5 ball pythons
  4 frilled lizards
  6 rats
69 creatures vanquished.

Vanquished Creatures (others)
  103 foxfires
103 creatures vanquished.

Grand Total: 172 creatures vanquished

Notes
Turn   | Place    | Note
-------+----------+-------------------------------------------
     0 | D:1      | jurchenman the Deep Elf Fire Elementalist began the quest
                  | for the Orb.
     0 | D:1      | Reached XP level 1. HP: 10/10 MP: 6/6
   118 | D:1      | Reached XP level 2. HP: 15/15 MP: 1/8
   365 | D:1      | Found a faded altar of an unknown god.
   589 | D:1      | Reached XP level 3. HP: 19/19 MP: 10/10
   592 | D:1      | Learned a level 2 spell: Scorch
   595 | D:1      | Learned a level 2 spell: Blink
   743 | D:2      | Reached skill level 4 in Spellcasting
   869 | D:2      | Noticed Terence
   875 | D:2      | Killed Terence
   876 | D:2      | Reached skill level 1 in Translocations
   876 | D:2      | Reached XP level 4. HP: 24/24 MP: 4/12
  1640 | D:3      | Noticed Natasha
  1644 | D:3      | Killed Natasha
  1645 | D:3      | Reached XP level 5. HP: 26/28 MP: 7/13
  1920 | D:3      | Found a white marble altar of Elyvilon.
  1961 | D:3      | Found a runed translucent gate.
  1962 | D:3      | Found a runed translucent gate.
  1962 | D:3      | Found a runed translucent gate.
  1962 | D:3      | Noticed viagra's ghost (amateur HOFi)
  1980 | D:3      | Noticed Natasha
  1981 | D:3      | Identified the +8 hand axe "Soelinos" {antimagic, Drain
                  | Int+3}
  1984 | D:3      | Killed Natasha
  2298 | D:4      | Reached skill level 5 in Spellcasting
  2460 | D:4      | Reached XP level 6. HP: 32/32 MP: 6/15
  2466 | D:4      | Mangled by a wight

Illustrated notes

Levels and vault maps discovered:
D:1:      dpeg_arrival_arbitrary_a, layout_rooms,
          ebering_ecumenical_altar_sacrificial
D:2:      layout_loops_ring, st_stairs_9, uniq_terence
D:3:      layout_basic, elyvilon_altar_3, gammafunk_ghost_nasty_kobolds,
          reono_crystal_passage, uniq_natasha
D:4:      layout_gridville, gammafunk_ghost_abyssal_escape, uniq_menkaure,
          uniq_duvessa

Skill      XL: |  1  2  3  4  5 |
---------------+----------------+-----
Conjurations   | 2 3 |  3.4
Spellcasting   | 4 5 |  5.1
Fire Magic     | 4 |  4.8
Translocations | 1 2 |  2.5
Dodging        | |  2.4
Stealth        | |  2.4

Action                     |  1- 3 |  4- 6 || total
---------------------------+-------+-------++-------
  Melee: Dagger            |    34 |    23 ||    57
         Short sword       |     3 |       ||     3
   Cast: Foxfire           |    30 |    31 ||    61
         Scorch            |     4 |    15 ||    19
         Blink             |       |     1 ||     1
    Use: Scroll            |     4 |     3 ||     7
   Stab: Sleeping          |       |     4 ||     4
 Armour: Robe              |     4 |     7 ||    11
  Dodge: Dodged            |    20 |    22 ||    42
